 Dungeon Crawl Stone Soup version 0.28.0-45-g0d030f2227 (webtiles) character file.

Game seed: 9383594145170382465

75 101zpm the Chiller (level 4, 0/33 HPs)
             Began as a Draconian Ice Elementalist on Apr 19, 2022.
             Killed from afar by a white imp (5 damage)
             ... with a puff of frost
             ... on level 4 of the Dungeon.
             The game lasted 00:07:30 (2541 turns).

101zpm the Chiller (Draconian Ice Elementalist)     Turns: 2541, Time: 00:07:31

Health: 0/33       AC:  5    Str: 10    XL:     4   Next: 11%
Magic:  5/8        EV: 12    Int: 17    God:
Gold:   34         SH:  0    Dex: 12    Spells: 8/9 levels left

rFire   . . .      SeeInvis .   b - +0 short sword (drain)
rCold   . . .      Faith    .   (no shield)
rNeg    . . .      Spirit   .   (armour unavailable)
rPois   .          Reflect  .   (helmet restricted)
rElec   .          Harm     .   (no cloak)
rCorr   .          Rampage  .   (no gloves)
Will    .....                   (no boots)
Stlth   ++........              (no amulet)
HPRegen 0.11/turn               (no ring)
MPRegen 0.11/turn               (no ring)

@: slowed, very slow
A: AC +5, unfitting armour, cold-blooded
a: no special abilities


You were on level 4 of the Dungeon.
You visited 1 branch of the dungeon, and saw 4 of its levels.

You collected 34 gold pieces.

Inventory:

Hand Weapons
 b - a +0 short sword of draining (weapon)
Missiles
 j - 3 stones
Jewellery
 a - an amulet of the acrobat
Scrolls
 c - a scroll of enchant weapon {unknown}
 d - a scroll of magic mapping {unknown}
 g - a scroll of vulnerability {unknown}
 i - 2 scrolls of identify {unknown}
Potions
 e - a potion of curing {unknown}
 f - a potion of might {unknown}
 h - a potion of heal wounds {unknown}
 k - 2 potions of invisibility {unknown}


   Skills:
 + Level 2.0 Dodging
 + Level 2.0 Stealth
 + Level 3.0 Spellcasting
 + Level 4.8 Ice Magic


You had 8 spell levels left.
You knew the following spells:

 Your Spells              Type           Power      Damage    Failure   Level
a - Freeze                Ice            72%        1d9       2%          1

Your spell library contained the following spells:

 Spells                   Type           Power      Damage    Failure   Level
 Frozen Ramparts          Ice            36%        1d5       8%          3
 Ozocubu's Armour         Ice            18%        N/A       8%          3
 Hailstorm                Conj/Ice       10%        3d5       54%         4


Dungeon Overview and Level Annotations

Branches:
Dungeon (4/15)
 Temple: D:4-7

Altars:


Innate Abilities, Weirdness & Mutations

Your plain brown scales are hard. (AC +5)
You cannot fit into any form of body armour.
You are cold-blooded and may be slowed by cold attacks.


Message History

Aiming: Freeze (safe; 2% risk of failure)
Press: ? - help, Q - select action, (/) - cycle Shift-Dir - straight line, f - kobold
Aim: a kobold, wielding a +0 short sword You freeze the kobold!
You kill the kobold!
The white imp gestures at you. The puff of frost hits you!
You see here a +0 short sword.
Aiming: Freeze (safe; 2% risk of failure)
Press: ? - help, Q - select action, (/) - cycle Shift-Dir - straight line, f - goblin
Aim: a goblin, wielding a +0 club You freeze the goblin.
You kill the goblin!
The white imp gestures at you. The puff of frost hits you!
You are too injured to fight recklessly!
The white imp gestures at you. The puff of frost misses you.
Things that are here:
a +0 club; a goblin corpse
Aiming: Freeze (safe; 2% risk of failure)
Press: ? - help, Q - select action, (/) - cycle Shift-Dir - straight line, f - white imp
Aim: a white imp You freeze the white imp but do no damage.
The white imp completely resists.
The white imp hits you but does no damage.
Aiming: Freeze (safe; 2% risk of failure)
Press: ? - help, Q - select action, (/) - cycle Shift-Dir - straight line, f/p - white imp
Aim: a white imp You freeze the white imp but do no damage.
The white imp completely resists.
The white imp hits you.
* * * LOW HITPOINT WARNING * * *
The white imp freezes you.
You feel yourself slow down.
* * * LOW HITPOINT WARNING * * *
You are too injured to fight recklessly!
You barely miss the white imp. The white imp gestures at you.
The puff of frost hits you.
You die...

### #.. #.# # .
#.####.#.##
....#######.#<......#
......5@.)...........
..........#.........#
...####.........###+#
. #............
#...[.........
...............
...........###+
....##..#####


You could see a white imp.

Vanquished Creatures
  2 adders (D:2)
  A worm (D:1)
  A dart slug (D:2)
  7 ball pythons
  An endoplasm (D:3)
  6 goblins
  5 hobgoblins
  3 jackals (D:1)
  A quokka (D:1)
  7 bats
  2 frilled lizards
  10 kobolds
  A rat (D:1)
47 creatures vanquished.

Notes
Turn   | Place    | Note
-------+----------+-------------------------------------------
     0 | D:1      | 101zpm the Draconian Ice Elementalist began the quest for
                  | the Orb.
     0 | D:1      | Reached XP level 1. HP: 14/14 MP: 3/3
   137 | D:2      | Reached XP level 2. HP: 13/20 MP: 0/5
   681 | D:1      | Reached XP level 3. HP: 14/26 MP: 1/6
  1374 | D:1      | Found a faded altar of an unknown god.
  2010 | D:2      | Reached XP level 4. HP: 33/33 MP: 4/8
  2519 | D:4      | Noticed a scorpion
  2541 | D:4      | Killed from afar by a white imp

Illustrated notes

Levels and vault maps discovered:
D:1:      dpeg_arrival_refuge, layout_rooms,
          chequers_ecumenical_altar_simple_redux
D:2:      layout_loops_cross, kennysheep_another_room, dk_noncrumbling_3,
          amethyst_killhole, kennysheep_generic_room_15
D:3:      layout_loops_ring, lemuel_round_altar,
          chequers_temple_overflow_minitemple
D:4:      layout_basic, minmay_temple_entry_fiery,
          chequers_serial_rivers_room_b, uniq_natasha

Skill      XL: |  1  2  3 |
---------------+----------+-----
Stealth        | 2 |  2.0
Dodging        | 2 |  2.0
Spellcasting   | 3 |  3.0
Ice Magic      | |  4.8

Action                   |  1- 3 |  4- 6 || total
-------------------------+-------+-------++-------
Melee: Unarmed           |     4 |       ||     4
       Tailslap          |     2 |     1 ||     3
       Short sword       |     8 |     2 ||    10
 Cast: Freeze            |    70 |     7 ||    77
Armor: Skin              |    25 |     1 ||    26
Dodge: Dodged            |    46 |     1 ||    47
